 Dungeon Crawl Stone Soup version 0.18-a0-270-ga9d907f (webtiles) character file.

10648 Duffy the Spear-Bearer (level 11, -7/97 HPs)
             Began as a Centaur Gladiator on Nov 27, 2015.
             Was an Elder of the Shining One.
             Mangled by a troll (10 damage)
             ... on level 11 of the Dungeon.
             The game lasted 00:18:06 (16356 turns).

Duffy the Spear-Bearer (Centaur Gladiator)         Turns: 16356, Time: 00:18:06

Health: -7/97      AC: 13    Str: 23    XL:     11   Next: 38%
Magic:  11/11      EV:  5    Int:  8    God:    the Shining One [****..]
Gold:   635        SH:  0    Dex: 10    Spells: 0 memorised, 10 levels left

rFire  . . .     SeeInvis .     N - +0 glaive
rCold  . . .     Clarity  .     I - +0 plate armour
rNeg   + + .     SustAt   +     (shield currently unavailable)
rPois  .         Gourm    +     c - +0 helmet
rElec  .         Spirit   .     (no cloak)
rCorr  .         Warding  .     w - +1 pair of gloves {Str+3}
rMut   .         Stasis   .     (no barding)
MR     .....                    U - amulet of the gourmand
Stlth  ..........               R - ring of sustain attributes
                                S - ring of flight

@: glowing, very quick, not resistant to hostile enchantments, extremely
unstealthy
A: hooves 3, deformed body, speed 2, tough skin 3
a: Divine Shield, Cleansing Flame, Renounce Religion, Evoke Flight


You were on level 11 of the Dungeon.
You worshipped the Shining One.
The Shining One was greatly pleased with you.
You were not hungry.

You visited 1 branch of the dungeon, and saw 11 of its levels.

You collected 635 gold pieces.


Innate Abilities, Weirdness & Mutations

You have hooves in place of feet.
Armour fits poorly on your strangely shaped body.
You cover ground very quickly.
You have extremely tough skin (AC +3).


   Skills:
 - Level 9.0 Fighting
 + Level 13.4 Polearms
 - Level 2.2 Throwing
 + Level 4.1 Armour
 - Level 2.2 Dodging


You had 10 spell levels left.
You didn't know any spells.

Inventory:

Hand Weapons
 a - a +0 trident
 x - a +1 halberd
 N - a +0 glaive (weapon)
Missiles
 d - 8 throwing nets (quivered)
Armour
 c - a +0 helmet (worn)
 w - a +1 pair of gloves of strength (worn)
 y - a +1 pair of gloves of dexterity
 A - a +0 chain mail
 I - a +0 plate armour (worn)
Jewellery
 m - an uncursed ring of wizardry
 G - an uncursed ring of ice
 M - a +4 ring of intelligence
 R - a ring of sustain attributes (right hand)
 S - a ring of flight (left hand)
 U - an amulet of the gourmand (around neck)
Wands
 r - a wand of confusion (9)
 C - a wand of lightning (9)
 D - a wand of fire (7)
 Q - a wand of hasting (5)
Scrolls
 g - 2 scrolls of enchant weapon
 i - a scroll of enchant armour {unknown}
 j - 2 scrolls of fear
 l - 4 scrolls of remove curse
 o - 3 scrolls of magic mapping
 p - a scroll of immolation {unknown}
 q - a scroll of noise {unknown}
 E - 3 scrolls of teleportation
 K - 2 scrolls of fog
Potions
 f - a potion of resistance
 h - a potion of heal wounds
 k - 3 potions of might
 n - 9 potions of curing
 s - 2 potions of agility
 u - a potion of ambrosia
 v - a potion of flight
 F - 2 potions of brilliance
 H - 4 potions of haste
 J - a potion of magic
 L - a potion of berserk rage
Comestibles
 e - 8 bread rations
 z - 6 meat rations
 B - a slice of pizza

Dungeon Overview and Level Annotations

Branches:
Dungeon (11/15)            Temple (0/1) D:7            Lair (0/8) D:10
    Orc (0/4) D:10

Altars:
Ashenzari
Cheibriados
Dithmenos
Elyvilon
Gozag
Kikubaaqudgha
Makhleb
Nemelex Xobeh
Ru
Sif Muna
Trog
Yredelemnul
Zin
The Shining One


Message History

You are too injured to fight recklessly!
You are too injured to fight recklessly!
You are too injured to fight recklessly!
You are too injured to fight recklessly!
You are too injured to fight recklessly!
You are too injured to fight recklessly!
You are too injured to fight recklessly!
You are too injured to fight recklessly!
You are too injured to fight recklessly!
You are too injured to fight recklessly!
You are too injured to fight recklessly!
You are too injured to fight recklessly!
You are too injured to fight recklessly!
You are too injured to fight recklessly!
You are too injured to fight recklessly!
Attack whom?
Press: ? - help, Dir - move target cursor, f/p - troll
Aim: a troll (haloed)
You slice the troll!! Your kick misses the troll.
The troll is heavily wounded.
The troll bites you but does no damage. The troll claws you.
The troll claws you but does no damage.
Attack whom?
Press: ? - help, Dir - move target cursor, f/p - troll
Aim: a troll (heavily wounded, haloed)
You slash the troll! You kick the troll.
The troll is almost dead.
The troll bites you! The troll claws you. The troll claws you.
Attack whom?
Press: ? - help, Dir - move target cursor, f/p - troll
Aim: a troll (almost dead, haloed)
Your plate armour prevents you from hitting the troll.
The troll is almost dead.
The troll bites you! The troll claws you. The troll claws you!
You die...

#............#
#............#
#............#
#............#
###'##########
#..# ##.###
#...####
###.@T.#
####'#
#........#
#.T......#
+.....Y..#
#:.....Y.#
#........#
#........#
#........#


You could see a troll.

Action                   |  1- 3 |  4- 6 |  7- 9 | 10-12 || total
-------------------------+-------+-------+-------+-------++-------
Melee: Trident           |   151 |    50 |       |       ||   201
       Halberd           |       |   189 |   282 |       ||   471
       Glaive            |       |       |    50 |   398 ||   448
Evoke: Wand              |       |       |       |    10 ||    10
  Use: Scroll            |       |       |    14 |     8 ||    22
       Potion            |       |       |       |     3 ||     3
  Eat: Chunk             |     1 |    11 |    12 |    17 ||    41
       Bread ration      |       |       |     1 |       ||     1
       Beef jerky        |       |       |       |     2 ||     2

Notes
Turn   | Place    | Note
--------------------------------------------------------------
     0 | D:1      | Duffy the Centaur Gladiator began the quest for the Orb.
     0 | D:1      | Reached XP level 1. HP: 17/17 MP: 1/1
   242 | D:1      | Reached skill level 3 in Polearms
   340 | D:1      | Reached XP level 2. HP: 16/24 MP: 2/2
   832 | D:1      | Reached XP level 3. HP: 29/29 MP: 3/3
   976 | D:2      | Found a glowing golden altar of the Shining One.
   982 | D:2      | Became a worshipper of the Shining One
  1054 | D:2      | Reached skill level 4 in Polearms
  1817 | D:2      | Reached XP level 4. HP: 19/36 MP: 4/4
  2104 | D:2      | Found a shattered altar of Ashenzari.
  2244 | D:2      | Found a sacrificial altar of Ru.
  2516 | D:1      | Reached skill level 5 in Polearms
  2807 | D:2      | Reached XP level 5. HP: 41/41 MP: 5/5
  3502 | D:3      | Found a sacrificial altar of Ru.
  3586 | D:3      | Reached * piety under the Shining One
  3634 | D:2      | Reached skill level 6 in Polearms
  3634 | D:2      | Reached XP level 6. HP: 10/48 MP: 6/6
  5104 | D:4      | Noticed Blork the orc
  5114 | D:4      | Killed Blork the orc
  5114 | D:4      | Reached skill level 7 in Polearms
  5266 | D:4      | Noticed Natasha
  5279 | D:4      | Killed Natasha
  5279 | D:4      | Reached XP level 7. HP: 49/55 MP: 7/7
  5346 | D:4      | Found a bloodstained altar of Trog.
  5394 | D:4      | Noticed Natasha
  5398 | D:4      | Killed Natasha
  5730 | D:5      | Entered Level 5 of the Dungeon
  5796 | D:5      | Reached skill level 8 in Polearms
  5906 | D:5      | Reached ** piety under the Shining One
  6459 | D:5      | Reached skill level 9 in Polearms
  6459 | D:5      | Reached XP level 8. HP: 15/61 MP: 8/8
  6940 | D:6      | Noticed Sigmund
  6953 | D:6      | Killed Sigmund
  7233 | D:6      | Found a shadowy altar of Dithmenos.
  7328 | D:6      | Reached skill level 10 in Polearms
  7543 | D:6      | Reached skill level 3 in Fighting
  8340 | D:7      | Reached XP level 9. HP: 59/71 MP: 9/9
  8510 | D:7      | Noticed Duvessa
  8511 | D:7      | Noticed Dowan
  8521 | D:7      | Killed Duvessa
  8521 | D:7      | Reached skill level 4 in Fighting
  8528 | D:7      | Killed Dowan
  8656 | D:7      | Reached skill level 5 in Fighting
  8696 | D:7      | Reached skill level 11 in Polearms
  8914 | D:7      | Reached skill level 6 in Fighting
  9178 | D:7      | Found a sparkling altar of Nemelex Xobeh.
  9312 | D:7      | Found an opulent altar of Gozag.
  9456 | D:7      | Found a staircase to the Ecumenical Temple.
  9556 | D:7      | Found a burning altar of Makhleb.
  9918 | D:7      | Reached *** piety under the Shining One
 10265 | D:8      | Reached skill level 7 in Fighting
 10415 | D:8      | Reached XP level 10. HP: 78/86 MP: 10/10
 11807 | D:8      | Found a glowing silver altar of Zin.
 11812 | D:8      | Found a burning altar of Makhleb.
 11821 | D:8      | Reached skill level 12 in Polearms
 12277 | D:8      | Reached skill level 8 in Fighting
 12381 | D:8      | Reached **** piety under the Shining One
 12400 | D:8      | Found an ancient bone altar of Kikubaaqudgha.
 12657 | D:9      | Found a deep blue altar of Sif Muna.
 12906 | D:9      | Found a snail-covered altar of Cheibriados.
 13033 | D:9      | Found a basalt altar of Yredelemnul.
 13131 | D:9      | Found a white marble altar of Elyvilon.
 13360 | D:10     | Entered Level 10 of the Dungeon
 13457 | D:10     | Found a staircase to the Lair.
 13462 | D:10     | Reached skill level 9 in Fighting
 13476 | D:10     | Noticed a hill giant
 13484 | D:10     | Killed a hill giant
 13484 | D:10     | Reached skill level 1 in Armour
 14598 | D:10     | Reached skill level 2 in Armour
 14673 | D:10     | Found a staircase to the Orcish Mines.
 15203 | D:10     | Reached XP level 11. HP: 82/97 MP: 11/11
 15398 | D:10     | Noticed Erolcha
 15410 | D:10     | Killed Erolcha
 15410 | D:10     | Reached skill level 13 in Polearms
 15601 | D:10     | Reached skill level 3 in Armour
 16198 | D:11     | Noticed Harold
 16205 | D:11     | Killed Harold
 16342 | D:11     | Reached skill level 4 in Armour
 16356 | D:11     | Mangled by a troll

Vault maps used:
D:1:      dpeg_arrival_snail
D:2:      evilmike_ruin_ashenzari, nicolae_overflow_crystal_walls,
          lemuel_crystal_altar, first_bread
D:3:      nicolae_ru_sacrificial_ziggurat
D:4:      lemuel_doored_altar, uniq_natasha, uniq_blork_the_orc
D:5:      hangedman_decor_slide_cut
D:6:      nicolae_dithmenos_through_a_glass_darkly, uniq_sigmund
D:7:      makhleb_grotto_becter, nemelex_deck, lemuel_temple_firewalk_marked,
          basic_altar, uniq_duvessa
D:8:      lemuel_mausoleum_altar_kikubaaqudgha, lemuel_crystal_altar,
          basic_altar
D:9:      kennysheep_ying_yang, lemuel_round_altar,
          lemuel_coloured_pillars_altar
D:10:     lair_0_dummy, erik_orc_2, uniq_erolcha
D:11:     hangedman_stone_soup, uniq_harold

Vanquished Creatures
  Harold Erolcha
  A hill giant
  2 trolls Sigmund
  9 yaks
  A wraith
  2 hippogriffs
  A hungry ghost
  A water moccasin Duvessa
  3 ice beasts
  14 orc warriors
  4 ogres
  A phantom
  2 sky beasts
  A black bear
  3 centaurs
  2 necrophages Blork the orc
  7 giant frogs
  An elf zombie
  A gnoll sergeant Dowan
  9 killer bees
  A scorpion
  7 wights
  A troll skeleton
  An electric eel
  A giant frog zombie
  4 hounds
  6 crimson imps
  2 jellies
  A centaur zombie
  2 human zombies
  6 orc priests
  2 centaur skeletons
  4 iguanas
  8 worker ants
  A human skeleton Natasha (twice)
  14 orc wizards
  A quasit
  13 gnolls
  2 hound skeletons
  10 adders
  2 adder zombies
  3 oozes
  3 adder skeletons
  5 worms
  57 orcs
  4 bats
  10 giant cockroaches
  10 goblins
  8 hobgoblins
  14 jackals
  12 kobolds
  6 ball pythons
  5 giant geckos
  A giant gecko skeleton
  5 giant newts
  An orc skeleton
  An orc zombie
  6 quokkas
  A quokka zombie
  2 rats
316 creatures vanquished.
